 Dungeon Crawl Stone Soup version 0.31-a0-365-gcf821cafb2 (webtiles) character file.

Game seed: 9930097591144730811

210 rocky1 the Digger (level 5, -2/29 HPs)
             Began as a Gargoyle Earth Elementalist on July 28, 2023.
             Slain by an iguana (12 damage)
             ... on level 4 of the Dungeon.
             The game lasted 00:05:11 (3152 turns).

rocky1 the Digger (Gargoyle Earth Elementalist)     Turns: 3152, Time: 00:05:11

Health: -2/29      AC:  7    Str: 11    XL:     5   Next: 88%
Magic:  0/9        EV: 12    Int: 18    God:
Gold:   35         SH:  0    Dex: 10    Spells: 9/10 levels left

rFire   . . .        (no weapon)
rCold   . . .        (no shield)
rNeg    + . .        a - +1 robe
rPois   ∞            (no helmet)
rElec   +            (no cloak)
rCorr   .            (no gloves)
SInv    .            (no boots)
Will    .....        (no amulet)
Stlth   ++           (no ring)
HPRegen 0.24/turn    (no ring)
MPRegen 0.11/turn

%: no passive effects
@: very slightly contaminated
A: sickness immunity, AC +4, negative energy resistance 1, electricity
resistance, torment resistance 1, petrification resistance
a: no special abilities


You were on level 4 of the Dungeon.
You visited 1 branch of the dungeon, and saw 4 of its levels.

You collected 147 gold pieces.
You spent 112 gold pieces at shops.

Inventory:

Armour
 a - a +1 robe (worn)
Jewellery
 l - a +5 ring of evasion
Scrolls
 c - 2 scrolls of amnesia
 e - a scroll of blinking
 j - a scroll of identify
Potions
 b - a potion of magic
 d - a potion of ambrosia
 f - 2 potions of brilliance {unknown}
 g - 3 potions of haste {unknown}
 h - a potion of degeneration {unknown}
 i - 2 potions of curing
 k - a potion of might {unknown}


   Skills:
 * Level 1.4 Fighting
 + Level 1.6 Dodging
 - Level 2.2 Stealth
 + Level 3.1 Spellcasting
 - Level 0.8 Transmutations
 * Level 6.5 Earth Magic


You had 9 spell levels left.
You knew the following spells:

 Your Spells              Type           Power      Damage    Failure   Level
a - Sandblast             Erth           52%        2d12      1%          1

Your spell library contained the following spells:

 Spells                   Type           Power      Damage    Failure   Level
 Passwall                 Tmut/Erth      13%        N/A       5%          2
 Stone Arrow              Conj/Erth      28%        3d8       13%         3
 Petrify                  Tmut/Erth      16%        N/A       34%         4
 Volatile Blastmotes      Fire/Tloc      4%         2d10      43%         3
 Fulminant Prism          Conj/Hex       1%         3d5       85%         4
 Iskenderun's Mystic Bla  Conj/Tloc      2%         2d3       85%         4


Dungeon Overview and Level Annotations

Branches:
Dungeon (4/15)
 Temple: D:4-7

Altars:
Okawaru

Shops:
D:1 =   D:2 !


Innate Abilities, Weirdness & Mutations

You are immune to sickness and miasma.
Your stone body is resilient. (AC +4)
You are immune to poison.
You resist negative energy. (rN+)
You are resistant to electric shocks. (rElec)
You are resistant to unholy torment.
You are immune to petrification.


Message History

The adder bites you but does no damage. The adder closely misses you.
Aiming: Sandblast (safe; 1% risk of failure)
Press: ? - help, Q - select action Shift-Dir - straight line, f - adder
Aim: an adder (72% to hit)
You miscast Sandblast.
You are very lightly contaminated with residual magic.
Nothing appears to happen.
The adder bites you.
Aiming: Sandblast (safe; 1% risk of failure)
Press: ? - help, Q - select action Shift-Dir - straight line, f/p - adder
Aim: an adder (72% to hit)
The blast of sand hits the adder!
You kill the adder!
The orc closely misses you.
Aiming: Sandblast (safe; 1% risk of failure)
Press: ? - help, Q - select action Shift-Dir - straight line, f - orc
Aim: an orc, wielding a +0 whip (83% to hit)
The blast of sand hits the orc.
The orc is almost dead.
The iguana bites you! The orc hits you with a +0 whip.
The iguana closely misses you. The orc barely misses you. x2
Aiming: Sandblast (safe; 1% risk of failure)
Press: ? - help, Q - select action Shift-Dir - straight line, f/p - orc
Aim: an orc, wielding a +0 whip (almost dead, 83% to hit)
The blast of sand hits the orc!
You kill the orc!
The iguana bites you. The orc closely misses you.
Aiming: Sandblast (safe; 1% risk of failure)
Press: ? - help, Q - select action Shift-Dir - straight line, f - orc
Aim: an orc, wielding a +0 falchion (83% to hit)
You miscast Sandblast.
Nothing appears to happen.
The iguana bites you. The orc barely misses you.
Unknown command.
Aiming: Sandblast (safe; 1% risk of failure)
Press: ? - help, Q - select action Shift-Dir - straight line, f/p - orc
Aim: an orc, wielding a +0 falchion (83% to hit)
The blast of sand hits the orc!
You kill the orc!
The iguana bites you!
You die...

#. #######..# #..
#......... #..
#.........
#.).#.........
...#.........
........... #.........
##..)......
######..@)......
########........l......
#.◎.............#......
##.######.##........#.#.
......# #.##.#........>.
##.##<# #.##.##.##.##.#.
#..#.# #.......# .# .#
##.#.# ####.#### .. .
.#.# ... #


You could see an iguana.

Vanquished Creatures
  An ogre (D:4)
  A scorpion (D:3)
  2 adders
  A dart slug (D:1)
  4 orcs
  4 endoplasms
  2 giant cockroaches (D:1)
  3 goblins
  2 hobgoblins
  7 jackals
  4 quokkas
  A ball python (D:3)
  4 bats
  3 frilled lizards (D:1)
  5 kobolds
  4 rats
48 creatures vanquished.

Notes
Turn   | Place    | Note
-------+----------+-------------------------------------------
     0 | D:1      | rocky1 the Gargoyle Earth Elementalist began the quest for
                  | the Orb.
     0 | D:1      | Reached XP level 1. HP: 10/10 MP: 3/3
   236 | D:1      | Reached skill level 4 in Earth Magic
   236 | D:1      | Reached XP level 2. HP: 15/15 MP: 3/5
   248 | D:1      | Found Urchus Bamy's Jewellery Shoppe.
   693 | D:1      | Found a faded altar of an unknown god.
   971 | D:2      | Reached XP level 3. HP: 19/19 MP: 4/6
  1119 | D:2      | Found Biox Its's Distillery.
  1129 | D:2      | Bought a potion of heal wounds for 70 gold pieces
  1129 | D:2      | Bought a potion of curing for 42 gold pieces
  1880 | D:3      | Found an iron altar of Okawaru.
  1885 | D:3      | Reached skill level 5 in Earth Magic
  1911 | D:3      | Noticed a scorpion
  1932 | D:3      | Killed a scorpion
  1933 | D:3      | Reached XP level 4. HP: 19/24 MP: 0/7
  2856 | D:3      | Reached XP level 5. HP: 24/28 MP: 0/9
  3140 | D:4      | Noticed an ogre
  3145 | D:4      | Killed an ogre
  3146 | D:4      | Reached skill level 1 in Fighting
  3146 | D:4      | Reached skill level 6 in Earth Magic
  3152 | D:4      | Slain by an iguana

Illustrated notes

Levels and vault maps discovered:
D:1:      dpeg_arrival_round_c, layout_rooms,
          hellmonk_ecumenical_altar_heavens_door, serial_shops, shop
D:2:      layout_loops_corners, serial_shops, shop
D:3:      layout_basic, okawaru_gym_becter
D:4:      layout_loops_cross, biasface_ghost_orc_armoury

Skill      XL: |  1  2  3  4  5 |
---------------+----------------+-----
Earth Magic    | 4 5 6 |  6.5
Fighting       | 1 |  1.4
Spellcasting   | 3 |  3.1
Dodging        | |  1.6
Stealth        | |  2.2
Transmutations | |  0.8

Action                     |  1- 3 |  4- 6 || total
---------------------------+-------+-------++-------
  Melee: Unarmed           |     7 |     3 ||    10
   Cast: Sandblast         |    50 |    19 ||    69
    Use: Scroll            |     3 |     4 ||     7
         Potion            |     1 |       ||     1
 Armour: Robe              |     6 |     7 ||    13
  Dodge: Dodged            |    20 |    18 ||    38

Table legend: (Time is in decaauts)
 A = Elapsed time spent in this place.
 B = Non-inter-level travel time spent in this place.
 C = Inter-level travel time spent in this place.
 D = Time resting spent in this place.
 E = Time spent auto-exploring this place.
 F = Levels seen in this place.
 G = Mean time per level.
                   A        B        C        D        E       F      G
               +--------+--------+--------+--------+--------+-----+--------+
         Total |   3185 |   3130 |     55 |   1207 |   1520 |   4 |  796.2 |
       Dungeon |   3185 |   3130 |     55 |   1207 |   1520 |   4 |  796.2 |
               +--------+--------+--------+--------+--------+-----+--------+

Top non-repeatable levels by time:
     D:3: 1312 daAuts
     D:1: 919 daAuts
     D:2: 916 daAuts
     D:4: 37 daAuts
